 Dungeon Crawl Stone Soup version 0.29.1-2-gbd0b4ee654 (webtiles) character file.

Game seed: 12764651479393794154

5958 BlackCrag the Thaumaturge (level 10, -1/51 HPs)
             Began as a Deep Elf Air Elementalist on Oct 29, 2022.
             Was a Believer of Vehumet.
             Slain by a large slime creature (22 damage)
             ... on level 10 of the Dungeon.
             The game lasted 01:01:14 (13257 turns).

BlackCrag the Thaumaturge (DEAE)                   Turns: 13257, Time: 01:01:16

Health: -1/51      AC:  7    Str:  5    XL:     10   Next: 54%
Magic:  18/27      EV: 13    Int: 25    God:    Vehumet [**....]
Gold:   243        SH:  0    Dex: 15    Spells: 12/32 levels left

rFire   . . .      SeeInvis .   A - staff of conjuration
rCold   . . .      Faith    .   (no shield)
rNeg    . . .      Spirit   .   a - +0 robe
rPois   .          Reflect  .   (no helmet)
rElec   .          Harm     .   v - +0 cloak
rCorr   +          Rampage  .   (no gloves)
Will    +....                   (no boots)
Stlth   +++.......              (no amulet)
HPRegen 0.17/turn               E - +4 ring of protection
MPRegen 0.20/turn               F - ring of resist corrosion

@: swift, very quick
A: no striking features
a: Renounce Religion


You were on level 10 of the Dungeon.
You worshipped Vehumet.
Vehumet was pleased with you.
You visited 2 branches of the dungeon, and saw 11 of its levels.

You collected 500 gold pieces.
You spent 257 gold pieces at shops.

Inventory:

Hand Weapons
 u - a +3 quarterstaff of chaos
Armour
 a - a +0 robe (worn)
 v - a +0 cloak (worn)
Magical Staves
 A - a staff of conjuration (weapon)
Jewellery
 B - a ring of fire
 E - a +4 ring of protection (left hand)
 F - a ring of resist corrosion (right hand)
Wands
 t - a wand of iceblast (18)
 y - a wand of light (21)
 z - a wand of flame (1)
 D - a wand of mindburst (15)
Scrolls
 d - a scroll of summoning
 e - a scroll of butterflies
 f - a scroll of enchant armour {unknown}
 g - 4 scrolls of blinking
 i - a scroll of magic mapping {unknown}
 j - a scroll of brand weapon {unknown}
 k - a scroll of fear {unknown}
 n - a scroll of acquirement {unknown}
 o - 3 scrolls of poison
 p - 4 scrolls of teleportation
 s - a scroll of amnesia
 w - a scroll of silence {unknown}
 C - 2 scrolls of vulnerability
Potions
 b - a potion of magic
 c - 3 potions of curing
 h - 2 potions of flight
 l - 2 potions of might
 m - 3 potions of cancellation
 q - 3 potions of brilliance
 r - a potion of attraction {unknown}
 x - a potion of invisibility {unknown}


   Skills:
 + Level 0.8 Fighting
 + Level 3.1 Dodging
 + Level 4.5 Stealth
 + Level 11.6 Spellcasting
 + Level 5.9 Conjurations
 + Level 0.2 Ice Magic
 * Level 11.2 Air Magic
 * Level 4.6 Earth Magic
 + Level 0.3 Poison Magic


You had 12 spell levels left.
You knew the following spells:

 Your Spells              Type           Power      Damage    Failure   Level
a - Shock                 Conj/Air       100%       1d9       1%          1
b - Static Discharge      Conj/Air       72%        3-12/arc  1%          2
c - Swiftness             Air            63%        N/A       1%          3
d - Airstrike             Air            31%        2d(5-21)  1%          4
e - Sandblast             Erth           76%        2d16      1%          1
f - Ozocubu's Armour      Ice            15%        N/A       11%         3
g - Cause Fear            Hex            7%         N/A       38%         4
h - Poisonous Vapours     Pois/Air       86%        N/A       1%          2

Your spell library contained the following spells:

 Spells                   Type           Power      Damage    Failure   Level
 Inner Flame              Hex/Fire       14%        N/A       13%         3
 Summon Ice Beast         Ice/Summ       15%        N/A       36%         4
 Summon Mana Viper        Hex/Summ       14%        N/A       75%         5
 Monstrous Menagerie      Summ           7%         N/A       100%        7
 Ozocubu's Refrigeration  Ice            7%         4d9       100%        7
 Discord                  Hex            7%         N/A       100%        8


Dungeon Overview and Level Annotations

Branches:
Dungeon (10/15)            Temple (1/1) D:4
   Lair: D:8-11         Orc: D:9-12

Altars:
Cheibriados
Dithmenos
Elyvilon
Fedhas
Gozag
Hepliaklqana
Kikubaaqudgha
Makhleb
Nemelex Xobeh
Okawaru
Qazlal
Ru
Sif Muna
Trog
Vehumet
Wu Jian
Xom
Yredelemnul
Zin
The Shining One

Shops:
D:7 *   D:8 *


Message History

Aiming: Throw Flame
Press: ? - help, Shift-Dir - straight line, f/p - slime creature
Aim: a slime creature (93% to hit)
The puff of flame hits the slime creature.
The slime creature is moderately wounded.
Two slime creatures merge to form a large slime creature.
Two slime creatures merge to form a large slime creature.
Casting: Shock (safe; 1% risk of failure)
Confirm with . or Enter, or press ? or * to list all spells.
You feel quick.
Casting: Swiftness (safe; 1% risk of failure)
Confirm with . or Enter, or press ? or * to list all spells.
You feel a surge of power!
The large slime creature is struck by an arc of lightning!
The large slime creature is moderately wounded.
You are struck by an arc of lightning.
The large slime creature is struck by an arc of lightning!
The large slime creature is moderately wounded.
You are struck by an arc of lightning.
The large slime creature is struck by an arc of lightning!
The large slime creature is heavily wounded.
You are struck by an arc of lightning.
The lightning grounds out.
The large slime creature hits you!!
Casting: Static Discharge (safe; 1% risk of failure)
Confirm with . or Enter, or press ? or * to list all spells.
Aiming: Sandblast (safe; 1% risk of failure)
Press: ? - help, Shift-Dir - straight line, f - large slime creature
Aim: a large slime creature (moderately wounded, 96% to hit)
The blast of sand hits the large slime creature!!
The large slime creature is heavily wounded.
The large slime creature misses you.
Casting: Sandblast (safe; 1% risk of failure)
Confirm with . or Enter, or press ? or * to list all spells.
Aiming: Sandblast (safe; 1% risk of failure)
Press: ? - help, Shift-Dir - straight line, f/p - large slime creature
Aim: a large slime creature (heavily wounded, 96% to hit)
The blast of sand hits the large slime creature!!
The large slime creature is severely wounded.
The large slime creature hits you!!
You die...

#.# #...#
#.... #.#
#...# #....
#.# #...#
#....
#.######...#
#....
#..........#
#....
#.######...#
#.... #.#
#...# #....
#.#
#........≈≈
#@# #.......
#J#
#<.......
#.#
#..####..
#.# #..# #.
#J# #J# #.#
#.######.
#.....JJ.


You could see a large slime creature and 2 slime creatures.

Vanquished Creatures
  Pikel (D:8)
  Joseph (D:8)
  Maurice (D:8)
  An unseen horror (D:10)
  A troll (D:9)
  Grinder (D:3)
  Prince Ribbit (D:8)
  The ghost of MewIchigo the Trooper, an amateur OgMo of Elyvilon (D:3)
  Sigmund (D:4)
  2 shadows (D:10)
  3 steam dragons
  A water moccasin (D:9)
  3 orc warriors
  3 sky beasts (D:7)
  2 ice beasts
  A black bear (D:8)
  4 ogres
  A phantom (D:5)
  The ghost of H0rd4k the Insei, an amateur OpTm (D:3)
  3 kobold brigands
  The ghost of Henri the Sneak, an amateur VSEn (D:3)
  A bullfrog (D:7)
  3 necrophages
  A scorpion (D:4)
  A howler monkey (D:9)
  2 centaur zombies (D:5)
  3 jellies
  A hound (D:6)
  2 orc priests
  Crazy Yiuf (D:4)
  Ijyb (D:5)
  5 iguanas
  2 scorpion zombies (D:5)
  5 orc wizards
  A mummy (D:3)
  A howler monkey zombie (D:5)
  4 gnolls (D:2)
  9 adders
  A shadow imp (D:5)
  3 white imps
  A worm (D:3)
  2 dart slugs (D:4)
  30 orcs
  11 ball pythons
  6 bats
  4 endoplasms
  4 giant cockroaches
  3 goblins
  6 hobgoblins
  3 jackals (D:2)
  5 quokkas
  3 frilled lizards
  18 kobolds
  6 rats
183 creatures vanquished.

Vanquished Creatures (collateral kills)
  A bullfrog (D:7)
1 creature vanquished.

Vanquished Creatures (others)
  11 fungi (D:7)
  4 withered plants (D:3)
15 creatures vanquished.

Grand Total: 199 creatures vanquished

Notes
Turn   | Place    | Note
-------+----------+-------------------------------------------
     0 | D:1      | BlackCrag the Deep Elf Air Elementalist began the quest for
                  | the Orb.
     0 | D:1      | Reached XP level 1. HP: 10/10 MP: 6/6
   299 | D:1      | Reached XP level 2. HP: 15/15 MP: 1/8
   302 | D:1      | Learned a level 2 spell: Static Discharge
   773 | D:1      | Found a faded altar of an unknown god.
  1311 | D:2      | Found a sparkling altar of Nemelex Xobeh.
  1325 | D:2      | Reached XP level 3. HP: 7/19 MP: 0/9
  1329 | D:2      | Learned a level 3 spell: Swiftness
  1934 | D:2      | Reached XP level 4. HP: 21/24 MP: 4/11
  2057 | D:2      | Learned a level 4 spell: Airstrike
  2703 | D:3      | Noticed Grinder
  2711 | D:3      | Paralysed by Grinder for 5 turns
  2720 | D:3      | Killed Grinder
  2721 | D:3      | Reached skill level 5 in Spellcasting
  2721 | D:3      | Reached skill level 5 in Air Magic
  2721 | D:3      | Reached XP level 5. HP: 3/28 MP: 2/14
  2721 | D:3      | Reached XP level 6. HP: 4/32 MP: 2/15
  3058 | D:3      | Found a snail-covered altar of Cheibriados.
  3136 | D:3      | Found a blossoming altar of Fedhas.
  3136 | D:3      | Found a sparkling altar of Nemelex Xobeh.
  3758 | D:3      | Found a runed translucent gate.
  3758 | D:3      | Found a runed translucent gate.
  3768 | D:3      | Found a runed translucent gate.
  3773 | D:3      | Noticed MewIchigo's ghost (amateur OgMo)
  3773 | D:3      | Noticed H0rd4k's ghost (amateur OpTm)
  3774 | D:3      | Noticed Henri's ghost (amateur VSEn)
  4517 | D:4      | Found a staircase to the Ecumenical Temple.
  4523 | Temple   | Entered the Ecumenical Temple
  4528 | Temple   | Became a worshipper of Vehumet
  4706 | D:4      | Noticed Sigmund
  4709 | D:4      | Killed Sigmund
  4710 | D:4      | Reached XP level 7. HP: 36/36 MP: 7/18
  4881 | D:4      | Found a runed translucent door.
  4882 | D:4      | Noticed Crazy Yiuf
  4887 | D:4      | Killed Crazy Yiuf
  5291 | D:3      | Killed H0rd4k's ghost
  5293 | D:3      | Killed Henri's ghost
  5302 | D:3      | Killed MewIchigo's ghost
  5303 | D:3      | Reached XP level 8. HP: 31/41 MP: 3/20
  5465 | D:5      | Entered Level 5 of the Dungeon
  5507 | D:5      | Found an iron altar of Okawaru.
  5898 | D:5      | Reached * piety under Vehumet
  5898 | D:5      | Offered knowledge of Sandblast by Vehumet.
  5968 | D:5      | Learned a level 1 spell: Sandblast
  5981 | D:5      | Found a basalt altar of Yredelemnul.
  6315 | D:5      | Noticed Ijyb
  6320 | D:5      | Killed Ijyb
  7223 | D:6      | Reached skill level 5 in Conjurations
  7882 | D:6      | Reached XP level 9. HP: 46/46 MP: 20/23
  8558 | D:7      | Found Seanaam's Assorted Antiques.
  8568 | D:7      | Bought a scroll of blinking for 135 gold pieces
  8568 | D:7      | Bought a silvery potion for 16 gold pieces
  8568 | D:7      | Bought a scroll labelled BASITA ZUORRE for 18 gold pieces
  8568 | D:7      | Bought a scroll of identify for 36 gold pieces
  9230 | D:7      | Reached skill level 1 in Earth Magic
 10236 | D:7      | Reached skill level 10 in Spellcasting
 10686 | D:8      | Noticed Prince Ribbit
 10688 | D:8      | Killed Prince Ribbit
 10886 | D:8      | Found Ybolucogg's CLEARANCE SALE!.
 10887 | D:8      | Noticed Maurice
 10892 | D:8      | Killed Maurice
 10893 | D:8      | Reached skill level 10 in Air Magic
 11006 | D:8      | Bought a scroll of identify for 4 gold pieces
 11006 | D:8      | Bought Ozocubu's Autobiography for 48 gold pieces
 11011 | D:8      | Learned a level 3 spell: Ozocubu's Armour
 11125 | D:8      | Noticed Joseph
 11235 | D:8      | Killed Joseph
 11236 | D:8      | Reached XP level 10. HP: 15/51 MP: 9/26
 11493 | D:8      | Noticed Pikel
 11500 | D:8      | Killed Pikel
 11995 | D:9      | Learned a level 4 spell: Cause Fear
 12375 | D:9      | Found an ancient bone altar of Kikubaaqudgha.
 12446 | D:9      | Offered knowledge of Poisonous Vapours by Vehumet.
 12511 | D:9      | Learned a level 2 spell: Poisonous Vapours
 12642 | D:9      | Reached ** piety under Vehumet
 13037 | D:10     | Entered Level 10 of the Dungeon
 13257 | D:10     | Slain by a large slime creature

Illustrated notes

Levels and vault maps discovered:
D:1:      minmay_arrival_split_and_join, layout_basic,
          hellmonk_ecumenical_altar_arch_garden, minmay_misc_feat_rows
D:2:      layout_basic, basic_altar, minivault_26
D:3:      layout_loops_corners, slow_altar_1, nicolae_overflow_two_pavilions,
          gammafunk_ghost_cemetery, uniq_grinder
D:4:      layout_gridville, minmay_temple_entry_waves, nicolae_titane,
          uniq_sigmund, uniq_crazy_yiuf_cottage
D:5:      layout_basic, okawaru_ov_weapons_minmay,
          nicolae_yredelemnul_corpse_copse, uniq_ijyb
D:6:      layout_basic
D:7:      layout_loops_ring, serial_shops, nicolae_shop_statue_plus,
          hangedman_abyss_or_decor_stabs, dreamdust_mushroom_princess
D:8:      layout_loops_ring, nicolae_shop_clearance, uniq_prince_ribbit1,
          uniq_pikel, uniq_maurice, uniq_joseph
D:9:      layout_irregular_city, kennysheep_mini_moat
D:10:     layout_long_grid, minitemple, minmay_lair_entry_grove, erik_orc_2,
          uniq_harold
Temple:   nicolae_temple_ecumenical_triangle

Skill      XL: |  1  2  3  4  5  6  7  8  9 10 |
---------------+-------------------------------+-----
Conjurations   | 2 3 4 5 |  5.9
Air Magic      | 4 5 6 7 8 10 11 | 11.2
Spellcasting   | 5 6 7 8 10 11 | 11.6
Stealth        | 3 4 |  4.5
Dodging        | 3 |  3.1
Earth Magic    | 3 4 |  4.6
Fighting       | |  0.8
Ice Magic      | |  0.2
Poison Magic   | |  0.3

Action                   |  1- 3 |  4- 6 |  7- 9 | 10-12 || total
-------------------------+-------+-------+-------+-------++-------
 Cast: Shock             |    59 |    69 |    97 |    17 ||   242
       Static Discharge  |     9 |    13 |    43 |     3 ||    68
       Swiftness         |       |     1 |     4 |     1 ||     6
       Airstrike         |       |     7 |    41 |    22 ||    70
       Sandblast         |       |       |    29 |     4 ||    33
       Poisonous Vapours |       |       |       |     2 ||     2
       Ozocubu's Armour  |       |       |       |     1 ||     1
Evoke: Wand              |       |       |       |     1 ||     1
  Use: Scroll            |     3 |     2 |    12 |     3 ||    20
       Potion            |       |       |     1 |       ||     1
Armor: Robe              |     1 |     2 |     9 |     2 ||    14
Dodge: Dodged            |     5 |     6 |    31 |     2 ||    44
